 Dungeon Crawl Stone Soup version 0.21.1-1-g345015f (webtiles) character file.

3710 equalderp2856 the Destroyer (level 9, 0/38 HPs)
             Began as a Felid Conjurer on May 9, 2018.
             Slain by a black mamba (13 damage)
             ... on level 3 of the Lair of Beasts.
             The game lasted 00:42:10 (20760 turns).

equalderp2856 the Destroyer (Felid Conjurer)       Turns: 20760, Time: 00:42:10

Health: 0/38       AC:  2    Str:  9    XL:     9   Next: 91%
Magic:  20/24      EV: 24    Int: 21    God:
Gold:   546        SH:  0    Dex: 16    Spells: 8/28 levels left
                                        Lives:  0   Deaths: 2

rFire    . . .     SeeInvis +     - Unarmed
rCold    . . .     Gourm    .   (shield unavailable)
rNeg     . . .     Faith    .   (armour unavailable)
rPois    .         Spirit   .   (helmet unavailable)
rElec    .         Reflect  .   (cloak unavailable)
rCorr    .         Harm     .   (gloves unavailable)
MR       +....                  (boots unavailable)
Stlth    ++++......             (no amulet)
HPRegen  0.12/turn              q - ring of wizardry
MPRegen  0.19/turn              (no ring)

@: mighty, lethally poisoned (0 -> -1), flying (expiring), quick
A: very small, no armour, no weapons or thrown items, stealth, claws 1, fangs 3,
see invisible, carnivore, deterioration 1, speed 1, shaggy fur 2, slow
metabolism 1, sharp paws
a: no special abilities


You were on level 3 of the Lair of Beasts.
You were not hungry.

You visited 3 branches of the dungeon, and saw 12 of its levels.

You collected 546 gold pieces.

Inventory:

Jewellery
 q - a ring of wizardry (left paw)
Wands
 e - a wand of random effects (38)
 k - a wand of iceblast (14)
 t - a wand of clouds (5)
 v - a wand of digging (31)
 x - a wand of paralysis (11)
Scrolls
 f - 9 scrolls of identify
 j - 4 scrolls of fear
 m - 3 scrolls of amnesia
 p - a scroll of immolation
 u - a scroll of enchant armour
 y - 4 scrolls of remove curse
 A - 2 scrolls of teleportation
 B - 2 scrolls of enchant weapon
Potions
 c - a potion of flight
 h - a potion of agility {unknown}
 i - 2 potions of might
 l - a potion of heal wounds
 o - a potion of haste {unknown}
 r - 3 potions of lignification {unknown}
 s - a potion of magic {unknown}
 z - a potion of cancellation {unknown}
 C - 2 potions of degeneration {unknown}
Books
 a - a book of Conjurations

   Spells                             Type                      Level
   a - Magic Dart                     Conjuration                  1
   b - Searing Ray                    Conjuration                  2
   c - Dazzling Spray                 Conjuration/Hexes            3
   d - Fulminant Prism                Conjuration/Hexes            4
   e - Force Lance                    Conjuration/Translocation    4
   f - Iskenderun's Mystic Blast      Conjuration                  4
 g - a book of Clouds

   Spells                             Type                      Level
   a - Poisonous Vapours              Poison/Air                   2
   b - Mephitic Cloud                 Conjuration/Poison/Air       3
   c - Conjure Flame                  Conjuration/Fire             3
   d - Freezing Cloud                 Conjuration/Ice/Air          6
   e - Ring of Flames                 Charms/Fire                  7
 n - Vehumet's Tome of Conjuration
   (You found it on level 4 of the Dungeon)

   Spells                             Type                      Level
   a - Magic Dart                     Conjuration                  1
 D - a book of Battle

   Spells                             Type                      Level
   a - Infusion                       Charms                       1
   b - Shroud of Golubria             Charms/Translocation         2
   c - Song of Slaying                Charms                       2
   d - Spectral Weapon                Hexes/Charms                 3
   e - Regeneration                   Charms/Necromancy            3
Miscellaneous
 w - a phantom mirror
Comestibles
 b - 16 rations


   Skills:
 + Level 3.4 Fighting
 + Level 8.4 Dodging
 + Level 7.9 Stealth
 + Level 4.9 Unarmed Combat
 + Level 10.0 Spellcasting
 + Level 10.7 Conjurations
 + Level 3.6 Hexes


You had 8 spell levels left.
You knew the following spells:

 Your Spells              Type           Power        Failure   Level  Hunger
a - Magic Dart            Conj           ####         1%          1    None
b - Searing Ray           Conj           ######       1%          2    None
c - Dazzling Spray        Conj/Hex       #####.       1%          3    None
d - Iskenderun's Mystic   Conj           ######..     1%          4    ##.....
e - Fulminant Prism       Conj/Hex       #####.....   1%          4    ##.....
f - Force Lance           Conj/Tloc      ####....     2%          4    ##.....
g - Shroud of Golubria    Chrm/Tloc      ##........   4%          2    None


Dungeon Overview and Level Annotations

Branches:
Dungeon (8/15)             Temple (1/1) D:4            Lair (3/6) D:8
 Shoals (0/4) Lair:2
  Snake: Lair:2-4    Spider: Lair:2-4

Altars:
Ashenzari
Cheibriados
Dithmenos
Elyvilon
Fedhas
Gozag
Hepliaklqana
Kikubaaqudgha
Makhleb
Nemelex Xobeh
Okawaru
Qazlal
Ru
Sif Muna
Trog
Uskayaw
Vehumet
Wu Jian
Xom
Yredelemnul
Zin
The Shining One

Annotations:
Lair:2 2 exclusions


Innate Abilities, Weirdness & Mutations

You cannot wear armour.
You are incapable of wielding weapons or throwing items.
Your paws allow you to move quietly. (Stealth)
You have sharp claws.
You have razor-sharp teeth.
You have supernaturally acute eyesight. (SInv)
You are carnivorous and can eat meat at any time.
You cover ground quickly.
You are covered in thick fur. (AC +2)
You have a slow metabolism.
Your sharp claws are effective at attacking unaware monsters.
Your body sometimes deteriorates upon taking damage.


Message History

You feel sick.
A black mamba comes into view.
Found 12 gold pieces.
A black mamba is nearby!
The black mamba hisses angrily.
You claw the black mamba!
The black mamba is moderately wounded.
You feel sick. The black mamba closely misses you.
The black mamba barely misses you.
You scratch the black mamba.
The black mamba is moderately wounded.
The black mamba completely misses you.
You miss the black mamba.
The black mamba is moderately wounded.
The black mamba completely misses you. The black mamba closely misses you.
You barely miss the black mamba.
The black mamba is moderately wounded.
You are starting to lose your buoyancy.
The black mamba bites you!
You die...

### #P...............#
##.P.#...............##
.....................##
###...#...............#
#####............<.##
.####................#
............#........#
.....................##
........@............P#
........S............##
.....................#
............#........#
.$.........#.#.......#
#..............P.....#
#...................#
#...................#


You could see a black mamba.

Vanquished Creatures
  A hydra (Lair:2)
  3 black mambas
  A merfolk siren (Lair:2)
  Psyche (D:8)
  3 spiny frogs
  2 rime drakes (Lair:2)
  A komodo dragon (Lair:1)
  The ghost of Iko the Covered, an amateur DDAE of Fedhas (D:8)
  2 hippogriffs
  A spriggan (D:7)
  Sigmund (D:2)
  8 yaks
  A wyvern (D:8)
  2 basilisks
  4 hungry ghosts
  3 swamp worms (Lair:2)
  7 water moccasins
  8 porcupines
  2 ice beasts
  A sky beast (D:6)
  A black bear (D:7)
  6 ogres
  A phantom (D:4)
  5 crocodiles
  4 bullfrogs
  A water moccasin skeleton (D:5)
  5 wights (D:7)
  2 crimson imps (D:5)
  2 centaur zombies
  3 hounds
  7 orc priests
  A centaur skeleton (D:4)
  2 gnoll shamans
  A jelly (D:8)
  7 orc wizards
  2 bullfrog skeletons
  7 worker ants
  A hound skeleton (D:8)
  19 gnolls
  8 adders
  3 shadow imps
  An ooze (D:4)
  2 adder zombies
  18 worms
  5 dart slugs
  6 leopard geckos
  27 orcs
  4 ball pythons
  7 giant cockroaches
  4 goblins
  7 hobgoblins
  17 jackals
  5 quokkas
  3 bats
  5 frilled lizards
  7 kobolds
  A quokka zombie (D:8)
  10 rats
  A plant (Lair:2)
271 creatures vanquished.

Vanquished Creatures (others)
  2 bushes (D:8)
  13 fulminant prisms
  3 fungi (D:8)
  21 plants
39 creatures vanquished.

Grand Total: 310 creatures vanquished

Notes
Turn   | Place    | Note
-------+----------+-------------------------------------------
     0 | D:1      | equalderp2856 the Felid Conjurer began the quest for the Orb.
     0 | D:1      | Reached XP level 1. HP: 7/7 MP: 4/4
   382 | D:1      | Reached XP level 2. HP: 11/11 MP: 1/6
   577 | D:1      | Learned a level 2 spell: Searing Ray
  1015 | D:1      | Reached XP level 3. HP: 14/14 MP: 3/7
  1862 | D:2      | Found a sacrificial altar of Ru.
  1867 | D:2      | Reached XP level 4. HP: 15/18 MP: 1/8
  2490 | D:2      | Noticed Sigmund
  2875 | D:3      | Reached skill level 5 in Conjurations
  3079 | D:3      | Found a faded altar of an unknown god.
  3251 | D:3      | Reached XP level 5. HP: 19/21 MP: 5/10
  3915 | D:3      | Found an iron altar of Okawaru.
  5253 | D:4      | Found a shattered altar of Ashenzari.
  5272 | D:4      | Noticed a phantom
  5330 | D:4      | Gained mutation: You are covered in thick fur. (AC +2) [Felid growth]
  5330 | D:4      | Reached XP level 6. HP: 25/25 MP: 8/11
  5663 | D:4      | Reached skill level 1 in Unarmed Combat
  5879 | D:4      | Found a radiant altar of Vehumet.
  5879 | D:4      | Found an ancient bone altar of Kikubaaqudgha.
  5880 | D:4      | Found a deep blue altar of Sif Muna.
  6020 | D:4      | Identified Vehumet's Tome of Conjuration
  6116 | D:4      | Found a sparkling altar of Nemelex Xobeh.
  6316 | D:4      | Found a staircase to the Ecumenical Temple.
  6366 | Temple   | Entered the Ecumenical Temple
  6946 | D:4      | Reached XP level 7. HP: 19/28 MP: 1/13
  7005 | D:4      | Reached skill level 5 in Stealth
  7217 | D:4      | Learned a level 3 spell: Dazzling Spray
  7222 | D:4      | Learned a level 4 spell: Iskenderun's Mystic Blast
  7288 | D:4      | Found a hazy altar of Hepliaklqana.
  7661 | D:2      | Killed Sigmund
  7661 | D:2      | Reached skill level 1 in Fighting
  8036 | D:5      | Entered Level 5 of the Dungeon
  8289 | D:5      | Reached skill level 5 in Dodging
  8562 | D:5      | Found a sparkling altar of Nemelex Xobeh.
  8963 | D:5      | Reached XP level 8. HP: 32/32 MP: 10/15
 10359 | D:6      | Reached skill level 5 in Spellcasting
 10365 | D:6      | Reached skill level 1 in Hexes
 10492 | D:6      | Learned a level 4 spell: Fulminant Prism
 11637 | D:7      | Found an opulent altar of Gozag.
 11832 | D:7      | Reached XP level 9. HP: 35/35 MP: 19/19
 14463 | D:8      | Reached XP level 10. HP: 36/40 MP: 7/22
 14554 | D:8      | Learned a level 4 spell: Force Lance
 14557 | D:8      | Learned a level 2 spell: Shroud of Golubria
 14812 | D:8      | Noticed Psyche
 14827 | D:8      | Killed Psyche
 15534 | D:8      | Found a shadowy altar of Dithmenos.
 15542 | D:8      | Found a staircase to the Lair.
 15607 | D:8      | Noticed Iko's ghost (amateur DDAE)
 15707 | D:8      | Killed Iko's ghost
 15956 | D:8      | Found a snail-covered altar of Cheibriados.
 16312 | D:8      | Found a burning altar of Makhleb.
 16382 | D:8      | Found a white marble altar of Elyvilon.
 16408 | Lair:1   | Entered Level 1 of the Lair of Beasts
 16426 | Lair:1   | Noticed a black mamba
 16442 | Lair:1   | Noticed a spiny frog
 16446 | Lair:1   | Killed a spiny frog
 16626 | Lair:1   | Noticed a spiny frog
 16639 | Lair:1   | Killed a spiny frog
 17057 | Lair:1   | Killed a black mamba
 17057 | Lair:1   | Reached skill level 10 in Conjurations
 17083 | Lair:1   | Reached XP level 11. HP: 44/44 MP: 11/25
 18683 | Lair:2   | Noticed a five-headed hydra
 18766 | Lair:2   | Killed a five-headed hydra
 19588 | Lair:2   | Mangled by a swamp worm
 19589 | Lair:2   | Reached XP level 10. HP: -8/42 MP: 24/24
 19638 | Lair:2   | Noticed a black mamba
 19649 | Lair:2   | Killed a black mamba
 20186 | Lair:2   | Slain by a swamp worm
 20187 | Lair:2   | Reached XP level 9. HP: -1/38 MP: 23/23
 20666 | Lair:3   | Reached skill level 10 in Spellcasting
 20721 | Lair:3   | Gained mutation: Your spells are a little easier to cast, but a little less powerful. [potion of mutation]
 20721 | Lair:3   | Gained mutation: You are resistant to hostile enchantments. (MR+) [potion of mutation]
 20721 | Lair:3   | Gained mutation: You are partially covered in icy blue scales. (AC +2) [potion of mutation]
 20729 | Lair:3   | Lost mutation: You are resistant to hostile enchantments. (MR+) [potion of mutation]
 20729 | Lair:3   | Lost mutation: Your spells are a little easier to cast, but a little less powerful. [potion of mutation]
 20729 | Lair:3   | Lost mutation: You are partially covered in icy blue scales. (AC +2) [potion of mutation]
 20729 | Lair:3   | Gained mutation: Your body sometimes deteriorates upon taking damage. [potion of mutation]
 20729 | Lair:3   | Gained mutation: You are frail. (-10% HP) [potion of mutation]
 20729 | Lair:3   | Lost mutation: You are frail. (-10% HP) [potion of mutation]
 20753 | Lair:3   | Noticed a black mamba
 20760 | Lair:3   | Slain by a black mamba

Skill      XL: |  1  2  3  4  5  6  7  8  9 10 11 |
---------------+----------------------------------+-----
Conjurations   | 4 5 6 7 8 10 | 10.7
Stealth        | 3 4 5 6 7 |  7.9
Dodging        | 3 4 5 6 7 8 |  8.4
Spellcasting   | 3 4 6 10 9 | 10.0
Unarmed Combat | 1 2 3 4 |  4.9
Fighting       | 1 2 3 |  3.4
Hexes          | 1 2 3 |  3.6

Action                   |  1- 3 |  4- 6 |  7- 9 | 10-12 || total
-------------------------+-------+-------+-------+-------++-------
Melee: Unarmed           |    19 |    60 |    82 |    75 ||   236
       Bite              |     2 |     7 |     2 |     7 ||    18
       Punch             |       |       |       |     2 ||     2
 Cast: Magic Dart        |    23 |    35 |   119 |    77 ||   254
       Searing Ray       |    22 |    46 |    70 |    66 ||   204
       Dazzling Spray    |       |       |     5 |     5 ||    10
       Fulminant Prism   |       |       |     8 |     5 ||    13
       Iskenderun's Myst |       |       |     2 |    22 ||    24
  Use: Scroll            |       |       |     2 |    10 ||    12
       Potion            |       |       |     5 |     2 ||     7
 Stab: Sleeping          |       |     2 |     4 |       ||     6
  Eat: Chunk             |     3 |    10 |    19 |    14 ||    46
       Ration            |       |       |     1 |     1 ||     2
Armor: Skin              |     4 |     4 |     8 |     1 ||    17
Dodge: Dodged            |    34 |    87 |   191 |   155 ||   467
